 Dungeon Crawl Stone Soup version 0.19.5 (webtiles) character file.

19719 Onaxys the Blocker (level 13, -3/103 HPs)
             Began as a Formicid Fighter on May 12, 2017.
             Was a High Priest of Makhleb.
             Slain by an eight-headed hydra (5 damage)
             ... on level 12 of the Dungeon on May 13, 2017.
             The game lasted 01:17:30 (12025 turns).

Onaxys the Blocker (Formicid Fighter)              Turns: 12025, Time: 01:17:31

Health: -3/103     AC: 20    Str: 27    XL:     13   Next: 6%
Magic:  13/13      EV:  4    Int:  7    God:    Makhleb [*****.]
Gold:   398        SH: 32    Dex: 15    Spells: 0 memorised, 12 levels left

rFire  . . .     SeeInvis +       - Unarmed
rCold  . . .     Gourm    .     A - +2 plate armour
rNeg   + . .     Faith    .     i - +18 shield of the Gong {rElec rN+ MR+ EV-5}
rPois  .         Spirit   .     (helmet unavailable)
rElec  +         Reflect  .     o - +0 cloak
rCorr  .         Harm     .     M - +0 pair of gloves
MR     ++...                    (no boots)
Stlth  ..........               (no amulet)
                                E - +5 ring of dexterity
                                Z - +4 ring of strength

@: no status effects
A: permanent stasis, dig shafts and tunnels, four strong arms, antennae 3, fangs
2, hooves 1, blurry vision 1, dopey 1, screaming 1, shaggy fur 1, weak 1,
evolution 1, sturdy frame 1
a: Dig, Shaft Self, Minor Destruction, Lesser Servant of Makhleb, Major
Destruction, Greater Servant of Makhleb, Renounce Religion


You were on level 12 of the Dungeon.
You worshipped Makhleb.
Makhleb was extremely pleased with you.
You were not hungry.

You visited 1 branch of the dungeon, and saw 13 of its levels.

You collected 584 gold pieces.
You spent 186 gold pieces at shops.

Inventory:

Hand Weapons
 V - the +11 war axe of Ontaobe {chop, rC+}
   (You took it off a kobold on level 11 of the Dungeon)

   It inflicts extra damage upon your enemies.
   It protects you from cold.
Armour
 i - the +18 shield of the Gong (worn) {rElec rN+ MR+ EV-5}
   (You found it on level 11 of the Dungeon)

   It affects your evasion (-5).
   It insulates you from electricity.
   It protects you from negative energy.
   It affects your resistance to hostile enchantments.
 o - a +0 cloak (worn)
 A - a +2 plate armour (worn)
 C - a +0 robe
 M - a +0 pair of gloves (worn)
Jewellery
 e - an uncursed ring of poison resistance
 g - the cursed ring "Valaj" {+Fly Dex+4 Slay-3, unknown}
   (You found it on level 11 of the Dungeon)

   [ring of slaying]

   It affects your dexterity (+4).
   It affects your accuracy and damage with ranged weapons and melee attacks
   (-3).
   It lets you fly.
   It has a curse placed upon it.
 E - a +5 ring of dexterity (right hand)
 S - an uncursed ring of positive energy
 Z - a +4 ring of strength (left hand)
Wands
 l - a wand of polymorph (6/24)
 z - a wand of paralysis (18/24)
 K - a wand of teleportation (5/9)
Scrolls
 h - a scroll of noise
 j - 3 scrolls of amnesia
 r - 3 scrolls of remove curse
 s - a scroll of magic mapping
 v - 4 scrolls of fear
 y - a scroll of immolation
 B - a scroll of random uselessness {unknown}
 D - 3 scrolls of fog
 I - a scroll of enchant armour
 J - 3 scrolls of recharging
 Q - 2 scrolls of torment
 R - 2 scrolls of identify
 T - a scroll of holy word
Potions
 k - a potion of berserk rage {unknown}
 t - 6 potions of flight {unknown}
 u - 2 potions of heal wounds {unknown}
 w - 3 potions of ambrosia {unknown}
 x - 2 potions of mutation {unknown}
 H - 2 potions of lignification {unknown}
 N - a potion of agility {unknown}
 P - 3 potions of brilliance {unknown}
 W - 2 potions of haste {unknown}
 X - a potion of degeneration {unknown}
Comestibles
 a - 4 chunks of flesh
 f - 10 bread rations
 n - 6 fruits
 p - 8 meat rations
 q - 10 slices of pizza
 F - 3 royal jellies
 Y - 3 beef jerkies


   Skills:
 + Level 9.8 Fighting
   Level 11.6 Short Blades
 + Level 5.3 Axes
   Level 0.4(3.2) Maces & Flails
 + Level 10.3 Armour
 + Level 1.5 Dodging
 + Level 0.6 Stealth
 + Level 12.7 Shields
 + Level 1.7 Unarmed Combat
 + Level 0.4 Evocations


You had 12 spell levels left.
You didn't know any spells.

Dungeon Overview and Level Annotations

Branches:
Dungeon (13/15)            Temple (0/1) D:7            Lair (0/6) D:9
    Orc (0/2) D:12
 Vaults: D:13-14

Altars:
Ashenzari
Cheibriados
Dithmenos
Fedhas
Makhleb
Nemelex Xobeh
Ru
Xom
Yredelemnul
Zin

Shops:
D:5 ?   D:6 (   D:10 [*!:


Innate Abilities, Weirdness & Mutations

You are under a permanent stasis effect.
You can dig through walls and to a lower floor.
Your four strong arms can wield two-handed weapons with a shield.
You have a pair of large antennae on your head. (SInv)
You have extremely sharp teeth.
You have large cloven feet.
Scrolls take you a little longer to read.
You are dopey. (Int -2)
You occasionally shout uncontrollably at your foes.
You are covered in fur. (AC +1)
You are weak. (Str -2)
You evolve.
Your movements are slightly less encumbered by armour. (ER -2)


Message History

The eight-headed hydra bites you.
* * * LOW HITPOINT WARNING * * *
The eight-headed hydra bites you!
* * * LOW HITPOINT WARNING * * *
The eight-headed hydra bites you!
* * * LOW HITPOINT WARNING * * *
The eight-headed hydra bites you but does no damage.
The deep elf mage mumbles some strange words.
The deep elf mage blinks!
The deep elf mage mumbles some strange words.
You block the eight-headed hydra's attack.
GONNNNG!
You block the eight-headed hydra's attack.
GONNNNG!
The eight-headed hydra bites you!
* * * LOW HITPOINT WARNING * * *
You block the eight-headed hydra's attack.
PANG!
The eight-headed hydra bites you.
You die...

##<..###............#
#...####...........# #....#
#...........#
##...####.........## #....#
##........# #....##
##.......##
##....####.^......###
#....##............########
##........@................
#.......D#####............
#### #...#)...#
##<.......... ...#
#...#>..## ##...........
##.# #...#...#
#............ ##.#
#...Ee..# ##.........<).
#..#
#..§....#####.............
)#.#
#..§.....##....####.......
##.#####..............#
#.......


You could see an eight-headed hydra, a deep elf mage and a fire elemental.

Vanquished Creatures
  Erolcha (D:9)
  Josephine (D:10)
  The ghost of execc the Carver, a journeyman OpBe of Trog (D:11)
  A hydra (D:11)
  3 centaur warriors (D:11)
  The ghost of Phong the Martial Artist, a novice OpTm of Uskayaw (D:6)
  2 hill giants (D:11)
  An ugly thing (D:11)
  A salamander (shapeshifter) (D:11)
  Maurice (D:10)
  2 manticores (D:12)
  A kobold demonologist (D:11)
  2 gargoyles
  A meliai (shapeshifter) (D:12)
  A troll (D:11)
  4 hippogriffs
  A two-headed ogre (D:9)
  The ghost of Frank the Shield-Bearer, an amateur GrFi (D:4)
  A wyvern (D:10)
  9 yaks
  5 wraiths
  3 hogs (D:7)
  A human (D:7)
  A vampire mosquito (D:11)
  A warg (D:12)
  A hungry ghost (D:7)
  4 mottled dragons
  A water moccasin (D:10)
  3 ice beasts
  4 sky beasts
  2 orc warriors (D:12)
  A black bear (D:6)
  A phantom (D:7)
  5 ogres
  16 centaurs
  A big kobold (D:3)
  Blork the orc (D:6)
  4 scorpions
  A water moccasin zombie (D:11)
  4 killer bees (D:12)
  11 wights
  5 howler monkeys
  3 crimson imps
  5 hounds
  A bullfrog zombie (D:11)
  3 quasits
  3 orc priests
  4 jellies
  A bullfrog skeleton (D:11)
  2 centaur skeletons
  16 orc wizards
  7 iguanas
  7 worker ants
  A hound zombie (D:10)
  A hound skeleton (D:8)
  12 adders
  3 shadow imps
  An ooze (D:2)
  An adder skeleton (D:9)
  3 adder zombies (D:5)
  A worm (D:6)
  3 dart slugs
  3 leopard geckos
  37 orcs
  2 ball pythons
  8 bats
  7 giant cockroaches
  6 hobgoblins
  9 jackals
  21 kobolds
  3 quokkas
  5 frilled lizards
  6 goblins
  A jackal skeleton (D:7)
  A quokka skeleton (D:4)
  15 rats
314 creatures vanquished.

Notes
Turn   | Place    | Note
-------+----------+-------------------------------------------
     0 | D:1      | Onaxys the Formicid Fighter began the quest for the Orb.
     0 | D:1      | Reached XP level 1. HP: 18/18 MP: 1/1
    97 | D:1      | Reached XP level 2. HP: 18/24 MP: 2/2
   378 | D:1      | Reached skill level 4 in Shields
   423 | D:1      | Reached XP level 3. HP: 26/29 MP: 3/3
   881 | D:2      | Found a blossoming altar of Fedhas.
  1076 | D:2      | Found a burning altar of Makhleb.
  1087 | D:2      | Became a worshipper of Makhleb the Destroyer
  1318 | D:2      | Reached XP level 4. HP: 37/37 MP: 4/4
  1564 | D:3      | Found a sacrificial altar of Ru.
  1645 | D:3      | Found a shimmering altar of Xom.
  1647 | D:3      | Found a shimmering altar of Xom.
  1679 | D:3      | Found a shimmering altar of Xom.
  1680 | D:3      | Found a shimmering altar of Xom.
  1690 | D:3      | Reached skill level 1 in Short Blades
  1690 | D:3      | Reached XP level 5. HP: 37/42 MP: 5/5
  1815 | D:3      | Reached * piety under Makhleb
  1870 | D:3      | Found a basalt altar of Yredelemnul.
  1958 | D:3      | Noticed a big kobold
  1972 | D:3      | Killed a big kobold
  1972 | D:3      | Reached skill level 5 in Shields
  1986 | D:3      | Reached XP level 6. HP: 43/48 MP: 6/6
  2448 | D:4      | Noticed an ogre
  2464 | D:4      | Killed an ogre
  2710 | D:4      | Reached XP level 7. HP: 32/54 MP: 7/7
  3079 | D:4      | Reached skill level 5 in Armour
  3280 | D:4      | Gained mutation: You have very sharp teeth. [mutagenic meat]
  3285 | D:4      | Gained mutation: You are weak. (Str -2) [mutagenic meat]
  3286 | D:4      | Gained mutation: You are resistant to hostile enchantments. (MR+) [mutagenic meat]
  3287 | D:4      | Gained mutation: You are very weak. (Str -4) [mutagenic meat]
  3288 | D:4      | Gained mutation: You are dopey. (Int -2) [mutagenic meat]
  3289 | D:4      | Gained mutation: You are covered in fur. (AC +1) [mutagenic meat]
  3301 | D:4      | Noticed Frank's ghost (amateur GrFi)
  3315 | D:4      | Killed Frank's ghost
  3315 | D:4      | Reached skill level 6 in Shields
  3315 | D:4      | Reached XP level 8. HP: 51/61 MP: 8/8
  3401 | D:4      | Reached skill level 5 in Short Blades
  3471 | D:4      | Reached ** piety under Makhleb
  3804 | D:5      | Entered Level 5 of the Dungeon
  3816 | D:5      | Reached skill level 5 in Fighting
  3995 | D:5      | Found Qyla Die's Magic Scroll Boutique.
  4088 | D:5      | Found a shattered altar of Ashenzari.
  4217 | D:5      | Found Zin's Purification Station.
  4222 | D:5      | Found a glowing silver altar of Zin.
  4225 | D:5      | Bought a potion of curing for 90 gold pieces
  4561 | D:6      | Noticed Blork the orc
  4576 | D:6      | Killed Blork the orc
  4660 | D:6      | Found a snail-covered altar of Cheibriados.
  4666 | D:6      | Noticed Phong's ghost (novice OpTm)
  4672 | D:6      | Reached XP level 9. HP: 65/68 MP: 9/9
  4712 | D:6      | Killed Phong's ghost
  4712 | D:6      | Reached skill level 1 in Dodging
  4712 | D:6      | Reached skill level 7 in Shields
  4953 | D:6      | Found Awiehoe's Antique Weapon Shop.
  5262 | D:7      | Noticed a gargoyle
  5297 | D:7      | Killed a gargoyle
  5342 | D:7      | Reached *** piety under Makhleb
  5342 | D:7      | Reached skill level 8 in Shields
  5622 | D:7      | Reached XP level 10. HP: 77/77 MP: 10/10
  5861 | D:7      | Found a staircase to the Ecumenical Temple.
  6158 | D:8      | Reached skill level 9 in Shields
  6346 | D:8      | Gained mutation: You are partially covered in yellow scales. (AC +2) [mutagenic meat]
  6347 | D:8      | Lost mutation: You are resistant to hostile enchantments. (MR+) [mutagenic meat]
  6349 | D:8      | Gained mutation: Your movements are slightly less encumbered by armour. (ER -2) [mutagenic meat]
  6350 | D:8      | Gained mutation: You are frail. (-10% HP) [mutagenic meat]
  6352 | D:8      | Gained mutation: You have large cloven feet. [mutagenic meat]
  6748 | D:9      | Noticed Erolcha
  6788 | D:9      | Killed Erolcha
  7110 | D:9      | Reached XP level 11. HP: 75/75 MP: 11/11
  7146 | D:9      | Found a sparkling altar of Nemelex Xobeh.
  7302 | D:9      | Reached **** piety under Makhleb
  7481 | D:9      | Gained mutation: You occasionally shout uncontrollably at your foes. [mutagenic meat]
  7483 | D:9      | Lost mutation: You are frail. (-10% HP) [mutagenic meat]
  7484 | D:9      | Gained mutation: You have extremely sharp teeth. [mutagenic meat]
  7507 | D:9      | Reached skill level 10 in Shields
  7529 | D:9      | Found a staircase to the Lair.
  7550 | D:9      | Reached skill level 10 in Short Blades
  7817 | D:10     | Entered Level 10 of the Dungeon
  7979 | D:10     | Found Weqory's General Store.
  7979 | D:10     | Noticed Josephine
  8502 | D:10     | Killed Josephine
  9080 | D:10     | Bought 2 potions of curing for 96 gold pieces
  9125 | D:10     | Found Cuokk's Distillery.
  9156 | D:10     | Found Rycasos's Armour Emporium.
  9242 | D:10     | Found Begiczer's Book Shop.
  9296 | D:10     | Noticed Maurice
  9319 | D:10     | Killed Maurice
  9536 | D:11     | Found a shadowy altar of Dithmenos.
  9572 | D:11     | Reached ***** piety under Makhleb
  9627 | D:11     | Noticed a hill giant
  9652 | D:11     | Killed a hill giant
  9707 | D:11     | Reached skill level 11 in Shields
  9729 | D:11     | Noticed a five-headed hydra
  9737 | D:11     | Noticed a purple ugly thing
  9771 | D:11     | Killed a five-headed hydra
  9771 | D:11     | Reached XP level 12. HP: 94/94 MP: 12/12
  9825 | D:11     | Noticed a centaur warrior
  9856 | D:11     | Killed a centaur warrior
  9886 | D:11     | Lost mutation: You are partially covered in yellow scales. (AC +2) [mutagenic meat]
  9887 | D:11     | Lost mutation: You are very weak. (Str -4) [mutagenic meat]
  9888 | D:11     | Gained mutation: Scrolls take you a little longer to read. [mutagenic meat]
  9997 | D:11     | Got a faintly glowing war axe {chop}
  9998 | D:11     | Identified the +11 war axe of Ontaobe {chop, rC+} (You took it off a kobold on level 11 of the Dungeon)
 10069 | D:11     | Noticed a centaur warrior
 10081 | D:11     | Killed a centaur warrior
 10081 | D:11     | Reached skill level 10 in Armour
 10081 | D:11     | Reached skill level 12 in Shields
 10084 | D:11     | Found a frozen archway.
 10163 | D:11     | Noticed execc's ghost (journeyman OpBe)
 10204 | D:11     | Killed execc's ghost
 10401 | D:11     | Got a translucent lapis lazuli ring
 10482 | D:11     | Identified Sif Muna's Volume of Creative Changing
 10492 | D:11     | Identified the Papyrus of the Frostbite and Boosts
 11109 | D:12     | Reached skill level 5 in Axes
 11176 | D:12     | Found a staircase to the Orcish Mines.
 11553 | D:13     | Noticed a centaur warrior
 11564 | D:12     | Gained mutation: You evolve. [mutagenic meat]
 11959 | D:11     | Killed a centaur warrior
 11959 | D:11     | Reached skill level 1 in Unarmed Combat
 11972 | D:12     | Reached XP level 13. HP: 70/102 MP: 13/13
 12012 | D:13     | Noticed an eight-headed hydra
 12025 | D:12     | HP: 2/103 [eight-headed hydra (9)]
 12025 | D:12     | Slain by an eight-headed hydra

Skill      XL: |  1  2  3  4  5  6  7  8  9 10 11 12 |
---------------+-------------------------------------+-----
Shields        | 4 5 6 8 9 11 12 | 12.7
Armour         | 4 5 6 7 8 9 10 | 10.3
Short Blades   | 1 2 3 4 6 8 9 11 | 11.6
Fighting       | 4 5 6 7 8 9 |  9.8
Dodging        | 1 |  1.5
Axes           | 5 |  5.3
Unarmed Combat | 1 |  1.7
Maces & Flails | |  0.4
Stealth        | |  0.6
Evocations     | |  0.4

Action                   |  1- 3 |  4- 6 |  7- 9 | 10-12 | 13-15 || total
-------------------------+-------+-------+-------+-------+-------++-------
Melee: War axe           |    17 |       |       |   129 |       ||   146
       Whip              |    46 |       |       |       |       ||    46
       Short sword       |    38 |   239 |   531 |  1064 |       ||  1872
       Bite              |       |       |    62 |   198 |     6 ||   266
       Kick              |       |       |       |   462 |    13 ||   475
       Unarmed           |       |       |       |    43 |    26 ||    69
 Abil: Dig               |       |     3 |     4 |     8 |       ||    15
Evoke: Wand              |       |       |       |     1 |       ||     1
  Use: Scroll            |       |     4 |     6 |     8 |       ||    18
       Potion            |       |       |     1 |    10 |       ||    11
  Eat: Fruit             |       |     3 |       |     3 |       ||     6
       Chunk             |       |     4 |    16 |    25 |       ||    45
       Pizza             |       |       |     1 |       |       ||     1
       Bread ration      |       |       |       |     1 |       ||     1
       Beef jerky        |       |       |       |     2 |       ||     2
       Meat ration       |       |       |       |     1 |       ||     1
Armor: Scale mail        |    28 |    18 |       |       |       ||    46
       Chain mail        |       |    31 |       |     1 |       ||    32
       Plate armour      |       |    17 |   135 |   349 |    28 ||   529
Dodge: Dodged            |    18 |    43 |    57 |   184 |     5 ||   307
Block: Shield            |    52 |    86 |   162 |   635 |    61 ||   996
